 Dungeon Crawl Stone Soup version 0.21.1-1-g345015f (webtiles) character file.

85 troglodite the Skirmisher (level 4, 0/37 HPs)
             Began as a Demonspawn Berserker on June 4, 2018.
             Was a Believer of Trog.
             Slain by a gnoll
             ... wielding a +0 spear
              (3 damage)
             ... on level 2 of the Dungeon.
             The game lasted 00:03:59 (809 turns).

troglodite the Skirmisher (Demonspawn Berserker)     Turns: 809, Time: 00:04:00

Health: 0/37       AC:  6    Str: 17    XL:     4   Next: 25%
Magic:  0/4        EV: 10    Int:  9    God:    Trog [**....]
Gold:   42         SH:  0    Dex: 13    Spells: 3/3 levels left

rFire    . . .     SeeInvis .   h - +3 dagger (speed)
rCold    . . .     Gourm    .   (no shield)
rNeg     . . .     Faith    .   j - +0 scale mail
rPois    .         Spirit   +   (helmet restricted)
rElec    .         Reflect  .   (no cloak)
rCorr    .         Harm     .   (no gloves)
MR       .....                  (no boots)
Stlth    ..........             (no amulet)
HPRegen  0.12/turn              (no ring)
MPRegen  0.09/turn              (no ring)

@: berserk cooldown, slowed, very slow
A: horns 1, demonic guardian 1, magic shield
a: Berserk, Trog's Hand, Burn Spellbooks, Renounce Religion


You were on level 2 of the Dungeon.
You worshipped Trog.
Trog was pleased with you.
You were very hungry.

You visited 1 branch of the dungeon, and saw 2 of its levels.

You collected 42 gold pieces.

Inventory:

Hand Weapons
 a - a +0 falchion
 h - a +3 dagger of speed (weapon)
Armour
 j - a +0 scale mail (worn)
Scrolls
 b - a scroll of fear {unknown}
 d - a scroll of teleportation {unknown}
 e - 2 scrolls of remove curse {unknown}
 g - a scroll of fog {unknown}
 i - a scroll of blinking {unknown}
Comestibles
 c - a ration
 f - 5 chunks of flesh


   Skills:
 * Level 3.9 Fighting
 + Level 0.1(2.0) Short Blades
 + Level 3.3 Long Blades
 * Level 2.1 Armour
 * Level 2.3 Dodging
 + Level 0.3 Stealth


You had 3 spell levels left.
You didn't know any spells.

Dungeon Overview and Level Annotations

Branches:
Dungeon (2/15)

Altars:


Innate Abilities, Weirdness & Mutations

You have a pair of small horns on your head.
A weak demonic guardian rushes to your aid.
When hurt, damage is shared between your health and your magic reserves.


Message History

The gnoll hits you with a spear.
* * * LOW HITPOINT WARNING * * *
You closely miss the gnoll. You headbutt the gnoll.
The gnoll is lightly wounded.
The gnoll hits you but does no damage.
You hit the gnoll.
The gnoll is heavily wounded.
The gnoll hits you but does no damage.
You hit the gnoll but do no damage.
The gnoll is heavily wounded.
The gnoll hits you with a spear!
* * * LOW HITPOINT WARNING * * *
You hit the gnoll.
The gnoll is heavily wounded.
The gnoll hits you but does no damage.
A rat comes into view.
Unknown command.
You swap places.
The gnoll hits you from afar with a spear.
You die...

#.......# #.......# ..
#.......# .. #.......#
.. ##.......# .#
.........# .# #......#
.##
#......########..#.###
###......)).)†g5@r......
...)....)#########...###
.......#...########..#
.......#..g#.....gg...#
.##'####...'@..@.... .#
.##.# #...#........ #
.##.# #...#....)...
.##.# #...#........
.##.# #...#########


You could see a gnoll, a rat and a friendly iron imp.

Vanquished Creatures
  Terence (D:2)
  3 gnolls (D:2)
  A worm (D:2)
  A leopard gecko (D:1)
  2 giant cockroaches (D:1)
  3 goblins
  5 hobgoblins
  6 kobolds (D:1)
  A ball python (D:1)
  2 bats (D:1)
  4 frilled lizards (D:1)
  A rat (D:1)
30 creatures vanquished.

Notes
Turn   | Place    | Note
-------+----------+-------------------------------------------
     0 | D:1      | troglodite the Demonspawn Berserker began the quest for the Orb.
     0 | D:1      | Reached XP level 1. HP: 18/18 MP: 1/1
   210 | D:1      | Gained mutation: When hurt, damage is shared between your health and your magic reserves. [demonic ancestry]
   210 | D:1      | Reached XP level 2. HP: 15/24 MP: 2/2
   759 | D:2      | Noticed Terence
   773 | D:2      | Gained mutation: You have a pair of small horns on your head. [demonic ancestry]
   773 | D:2      | Reached XP level 3. HP: 29/29 MP: 3/3
   776 | D:2      | Killed Terence
   779 | D:2      | Reached ** piety under Trog
   784 | D:2      | Gained mutation: A weak demonic guardian rushes to your aid. [demonic ancestry]
   784 | D:2      | Reached XP level 4. HP: 37/37 MP: 4/4
   809 | D:2      | Slain by a gnoll

Skill      XL: |  1  2  3 |
---------------+----------+-----
Dodging        | 2 |  2.3
Long Blades    | 3 |  3.3
Armour         | 2 |  2.1
Fighting       | |  3.9
Short Blades   | |  0.1
Stealth        | |  0.3

Action                   |  1- 3 |  4- 6 || total
-------------------------+-------+-------++-------
Melee: Falchion          |    46 |       ||    46
       Dagger            |    21 |    13 ||    34
       Headbutt          |     2 |     2 ||     4
Invok: Berserk           |     2 |       ||     2
 Stab: Sleeping          |     1 |       ||     1
Armor: Animal skin       |     8 |       ||     8
       Scale mail        |     4 |     4 ||     8
Dodge: Dodged            |    40 |    12 ||    52
       Rpst.: Falchion   |     8 |       ||     8
